 Dungeon Crawl Stone Soup version 0.31-a0-845-g9abc20d24f (webtiles) character file.

Game seed: 16267483692766337798

5532 Flugkiller the Spear-Bearer (level 10, 0/88 HPs)
             Began as an Armataur Shapeshifter on Oct 2, 2023.
             Was an Elder of Wu Jian.
             Slain by a troll (5 damage)
             ... on level 8 of the Dungeon.
             The game lasted 00:09:19 (6576 turns).

Flugkiller the Spear-Bearer (Armataur Shapeshifter) Turns: 6576, Time: 00:09:19

Health: 0/88       AC:  7    Str: 24    XL:     10   Next: 43%
Magic:  10/10      EV:  9    Int: 10    God:    Wu Jian [****..]
Gold:   464        SH:  0    Dex: 16    Spells: 9/9 levels left

rFire   . . .        a - +11 halberd of Fresh Tender Mercy {vamp, Will+ rCorr}
rCold   . . .        (shield currently unavailable)
rNeg    . . .        E - +2 leather armour {rPois}
rPois   +            (helmet currently unavailable)
rElec   .            (cloak currently unavailable)
rCorr   +            (gloves currently unavailable)
SInv    +            (no barding)
Will    +....        (no amulet)
Stlth   +            i - ring of see invisible
HPRegen 0.34/turn    I - +6 ring of dexterity
MPRegen 0.12/turn

%: no passive effects
@: exhausted, beast-form
A: beast (slay +4), large, rugged brown scales 3, deformed body, armoured tail,
(roll), long tongue, awkward tongue
a: Begin Untransformation, Renounce Religion, Wall Jump, Serpent's Lash


You were on level 8 of the Dungeon.
You worshipped Wu Jian.
Wu Jian was greatly pleased with you.
You were a hulking beast.
You visited 1 branch of the dungeon, and saw 8 of its levels.
You also visited: Sewer.

You collected 464 gold pieces.

Inventory:

Hand Weapons
 a - the +11 halberd of Fresh Tender Mercy (weapon) {vamp, Will+ rCorr}
   (You found it on level 5 of the Dungeon)

   Will+:     It increases your willpower.
   rCorr:     It protects you from acid and corrosion.
 e - a +3 short sword
   (You found it on level 2 of the Dungeon)
 g - a +0 great mace
   (You found it on level 2 of the Dungeon)
 l - a +2 dagger of venom
   (You found it on level 1 of the Dungeon)
 m - a +6 dagger
   (You found it on level 1 of the Dungeon)
 A - a +2 heavy flail
   (You took it off an orc on level 3 of the Dungeon)
Armour
 f - a +0 buckler
   (You found it on level 1 of the Dungeon)
 q - a +1 chain mail
   (You found it on level 2 of the Dungeon)
 E - a +2 leather armour of poison resistance (worn)
   (You took it off Ijyb on level 4 of the Dungeon)
 J - a +0 plate armour
   (You found it on level 5 of the Dungeon)
 P - a +2 helmet of see invisible
   (You found it on level 7 of the Dungeon)
Jewellery
 i - a ring of see invisible (left hand)
   (You found it on level 1 of the Dungeon)
 p - a +4 ring of protection
   (You found it on level 8 of the Dungeon)
 I - a +6 ring of dexterity (right hand)
   (You found it on level 5 of the Dungeon)
Talismans
 c - a beast talisman (active)
 j - a flux talisman
Wands
 b - a wand of paralysis (8)
   (You found it on level 3 of the Dungeon)
 C - a wand of roots (3)
   (You found it on level 4 of the Dungeon)
 D - a wand of polymorph (14)
   (You took it off Ijyb on level 4 of the Dungeon)
 K - a wand of flame (30)
   (You took it off Sigmund on level 6 of the Dungeon)
Scrolls
 k - a scroll of revelation
 o - a scroll of enchant weapon
 r - 3 scrolls of identify
 t - 2 scrolls of teleportation
 v - a scroll of immolation {unknown}
 y - 3 scrolls of enchant armour
 z - 2 scrolls of blinking
 G - a scroll of brand weapon {unknown}
 M - a scroll of acquirement {unknown}
 N - a scroll of fog {unknown}
 O - a scroll of vulnerability {unknown}
 R - a scroll of noise {unknown}
Potions
 d - a potion of might
 h - a potion of haste
 n - 3 potions of magic
 s - a potion of cancellation {unknown}
 u - a potion of curing {unknown}
 w - 3 potions of heal wounds
 x - 4 potions of brilliance
 B - 2 potions of degeneration {unknown}
 F - 3 potions of mutation {unknown}
 H - 3 potions of attraction {unknown}
 L - a potion of enlightenment {unknown}
 Q - a potion of invisibility {unknown}


   Skills:
 - Level 6.0 Fighting
 + Level 8.9 Polearms
 - Level 4.0 Armour
 - Level 1.3 Dodging
 - Level 2.9 Unarmed Combat
 - Level 4.0 Evocations
 - Level 7.0 Shapeshifting


You had 9 spell levels left.
You didn't know any spells.
Your spell library contained the following spells:

 Spells                   Type           Power      Damage    Failure   Level
 Apportation              Tloc           0%         N/A       38%         1
 Jinxbite                 Hex            0%         N/A       54%         2
 Poisonous Vapours        Pois/Air       0%         N/A       54%         2
 Dazzling Flash           Conj/Hex       0%         N/A       77%         3
 Ignite Poison            Fire/Tmut/Pois 0%         N/A       77%         3
 Inner Flame              Hex/Fire       0%         N/A       77%         3
 Mephitic Cloud           Conj/Pois/Air  0%         N/A       77%         3
 Volatile Blastmotes      Fire/Tloc      0%         2d10      77%         3
 Flame Wave               Conj/Fire      0%         2d4       99%         4
 Fulminant Prism          Conj/Hex       0%         3d5       99%         4
 Iskenderun's Mystic Bla  Conj/Tloc      0%         2d3       99%         4
 Sticky Flame             Conj/Fire      0%         2d3       99%         4
 Agony                    Necr           0%         N/A       100%        5
 Alistair's Intoxication  Tmut/Pois      0%         N/A       100%        5
 Freezing Cloud           Conj/Ice/Air   0%         6-21      100%        5
 Silence                  Hex/Air        0%         N/A       100%        5
 Ignition                 Fire           0%         3d3       100%        8


Dungeon Overview and Level Annotations

Branches:
Dungeon (8/15) Zot: 26333  Temple (0/1) D:7           Sewer (visited)
   Lair: D:8-11

Altars:
Ashenzari
Dithmenos
Elyvilon
Fedhas
Hepliaklqana
Kikubaaqudgha
Ru
Uskayaw
Wu Jian
Xom
Zin
The Shining One

Shops:
D:7 [


Innate Abilities, Weirdness & Mutations

You are a hulking beast.
Your limbs bulge with bestial killing power. (Slay +4)
You are completely covered in rugged brown scales. (AC +3, +7% HP)
Armour fits poorly on your strangely shaped body.
You have a long armoured tail.
((You roll when moving toward enemies. (Rampage)))
Your long tongue fully drains potion bottles. (2x potion effects)
Your tongue gives you trouble enunciating. (1.5x scroll delay)


Message History

HP restored.
Things that are here:
a +0 giant club; a +0 giant spiked club You now have 464 gold pieces (gained 14).
x - 4 potions of brilliance (gained 1)
A wyvern comes into view.
A wyvern is nearby!
A wyvern is nearby!
A wyvern is nearby!
The wyvern hisses angrily.
You impale the wyvern!!
The wyvern is severely wounded.
The wyvern completely misses you.
You closely miss the wyvern.
Your tail-slap misses the wyvern.
The wyvern is severely wounded.
The wyvern bites you! x2
You slash the wyvern!
You feel better.
You kill the wyvern!
The Council accepts your kill.
No target in view!
No target in view!
Found a robe.
A howler monkey comes into view.
A howler monkey is nearby!
The howler monkey howls!
The howler monkey hoots and howls with incredible vigour!
You hear an angry buzzing noise.
You hear a shout! x2
Something shouts, "Embrace thy dedition, thou mangled wibble-sucking cross-patch!"
You hear a shout! x2
You reach to attack!
You slash the howler monkey!
You kill the howler monkey!
The Council accepts your kill.
No target in view!
No target in view!
A tengu conjurer comes into view.
A tengu conjurer is nearby!
A tengu conjurer is nearby!
A white imp comes into view.
You barely miss the tengu conjurer.
A troll comes into view.
The tengu conjurer hits you but does no damage.
The tengu conjurer pecks you. The tengu conjurer misses you.
The troll shouts!
You puncture the tengu conjurer!
The tengu conjurer is moderately wounded.
The tengu conjurer hits you.
The tengu conjurer pecks you but does no damage.
The tengu conjurer claws you but does no damage.
You slice the tengu conjurer!!
You kill the tengu conjurer!
The Council accepts your kill. The white imp closely misses you.
You spin and attack the white imp.
You closely miss the white imp.
The white imp hits you but does no damage.
You see here a tengu corpse.
You barely miss the troll. You tail-slap the troll.
The troll is lightly wounded.
The white imp barely misses you. The troll bites you! The troll claws you!
The troll closely misses you.
A hornet comes into view.
The hornet buzzes angrily.
You slash the troll!
The troll is heavily wounded.
The white imp hits you but does no damage.
The troll bites you. The troll claws you but does no damage.
The troll claws you!
You are too injured to fight recklessly!
You are too injured to fight recklessly!
Your muscles tense, ready for explosive movement...
A gnoll bouda comes into view. It is wielding a +0 club.
You spin and attack the white imp, with incredible momentum.
You puncture the white imp!
You kill the white imp!
The Council accepts your kill.
A wight comes into view. It is wielding a +4 hand axe.
You spin and attack the troll, with incredible momentum.
You hit the troll.
You feel better.
The troll is heavily wounded.
Your supernatural speed expires.
You lunge at the hornet.
You hit the hornet.
You feel better.
The hornet is lightly wounded.
You spin and attack the troll.
You puncture the troll!
The troll is severely wounded.
The troll completely misses you. The troll claws you!
The troll closely misses you. The hornet stings you!
You feel yourself slow down.
You see here a tengu corpse.
You barely miss the troll. You tail-slap the troll.
The troll is almost dead.
You feel yourself speed up.
The hornet stings you but does no damage.
The troll bites you! The troll claws you.
* * * LOW HITPOINT WARNING * * *
The troll claws you.
* * * LOW HITPOINT WARNING * * *
The hornet stings you but does no damage.
The troll bites you!
* * * LOW HITPOINT WARNING * * *
The troll claws you.
You die...

........####...#
. .....#..# #...#
...#.#... #.#.#
.. # .... ...#<#
####.###.y######
###......###
########
###...####
#......#
###...#.#°T###
##.....#
##....##...hyz#
##....#
##....##..####..#
##...#
#....##g.## ..#
#...## #....#..##
..# #...#.
#....#8g#
8#....#...#.
#....#..#
#....#.)...
#....#..#
#....#.....
#....#8.#
#....#.....
#....#..#
#....####..


You could see a troll, a hornet, a gnoll bouda and a wight.

Vanquished Creatures
  A two-headed ogre (D:8)
  The ghost of WhatIsLove the Magician, a novice DjFE (D:5)
  A tengu conjurer (D:8)
  Grinder (D:4)
  Sigmund (D:6)
  2 wyverns (D:8)
  A steam dragon (D:8)
  5 yaks (D:8)
  2 water moccasins
  An orc warrior (D:7)
  An ice beast (D:6)
  2 ogres
  2 centaurs
  2 kobold brigands
  5 bullfrogs
  Blork the orc (D:4)
  2 scorpions
  11 killer bees
  2 howler monkeys
  3 quasits (D:5)
  4 hounds
  A jelly (D:5)
  4 orc priests
  Jessica (D:3)
  Ijyb (D:4)
  5 iguanas
  2 sleepcaps
  9 orc wizards
  5 adders
  4 gnolls (D:6)
  2 shadow imps
  2 white imps
  An ufetubus (D:5)
  A worm (D:3)
  A dart slug (D:2)
  21 orcs
  7 endoplasms
  15 giant cockroaches
  15 goblins
  6 hobgoblins
  17 kobolds
  14 quokkas
  21 ball pythons
  9 bats
  10 frilled lizards
  12 rats
237 creatures vanquished.

Notes
Turn   | Place    | Note
-------+----------+-------------------------------------------
     0 | D:1      | Flugkiller the Armataur Shapeshifter began the quest for
                  | the Orb.
     0 | D:1      | Reached XP level 1. HP: 16/16 MP: 1/1
    50 | D:1      | Reached skill level 1 in Fighting
   124 | D:1      | Reached XP level 2. HP: 24/24 MP: 2/2
   645 | D:2      | Reached XP level 3. HP: 31/31 MP: 3/3
  1128 | D:3      | You fall into a shaft and drop 1 floor!
  1133 | D:4      | Noticed a scorpion
  1142 | D:4      | Killed a scorpion
  1143 | D:4      | Reached skill level 1 in Armour
  1143 | D:4      | Reached XP level 4. HP: 39/39 MP: 4/4
  1215 | D:4      | Noticed an ogre
  1232 | D:4      | Killed an ogre
  1233 | D:4      | Reached XP level 5. HP: 33/48 MP: 5/5
  1337 | D:3      | Found a sacrificial altar of Ru.
  1385 | D:3      | Noticed Jessica
  1408 | D:3      | Killed Jessica
  1463 | D:3      | Reached XP level 6. HP: 54/54 MP: 6/6
  1726 | D:3      | Found an ornate altar of the Wu Jian Council.
  1793 | D:3      | Became a worshipper of the Wu Jian Council
  2010 | D:4      | Noticed Blork the orc
  2019 | D:4      | Killed Blork the orc
  2035 | D:4      | Noticed Ijyb
  2130 | D:4      | Killed Ijyb
  2156 | D:4      | Found a burning altar of Makhleb.
  2160 | D:4      | Found a broken altar of Ashenzari.
  2160 | D:4      | Found a broken altar of Ashenzari.
  2162 | D:4      | Found an ancient bone altar of Kikubaaqudgha.
  2162 | D:4      | Found a shimmering altar of Xom.
  2162 | D:4      | Found an ancient bone altar of Kikubaaqudgha.
  2272 | D:4      | Found an ancient bone altar of Kikubaaqudgha.
  2272 | D:4      | Found a blossoming altar of Fedhas.
  2376 | D:4      | Noticed Grinder
  2388 | D:4      | Killed Grinder
  2389 | D:4      | Reached XP level 7. HP: 34/62 MP: 7/7
  2550 | D:5      | Entered Level 5 of the Dungeon
  2550 | D:5      | Found a glowing drain.
  2579 | Sewer    | Entered a sewer
  2610 | Sewer    | Reached * piety under Wu Jian
  2675 | Sewer    | Reached skill level 5 in Shapeshifting
  2770 | Sewer    | Reached ** piety under Wu Jian
  3085 | D:5      | Reached XP level 8. HP: 71/71 MP: 8/8
  3265 | D:5      | Noticed WhatIsLove's ghost (novice DjFE)
  3267 | D:5      | Found a transporter.
  3273 | D:5      | Found a transporter.
  3558 | D:5      | Found a shadowy altar of Dithmenos.
  3765 | D:5      | Reached skill level 5 in Fighting
  3844 | D:5      | Killed WhatIsLove's ghost
  3855 | D:5      | Identified the +11 halberd of Fresh Tender Mercy {vamp,
                  | Will+ rCorr}
  4402 | D:6      | Noticed Sigmund
  4424 | D:6      | Killed Sigmund
  4425 | D:6      | Reached skill level 1 in Polearms
  4539 | D:6      | Reached skill level 2 in Polearms
  4676 | D:6      | Reached XP level 9. HP: 69/80 MP: 9/9
  5242 | D:7      | Reached skill level 3 in Polearms
  5243 | D:7      | Reached *** piety under Wu Jian
  5266 | D:7      | Found Yfulaq's Antique Armour Emporium.
  5429 | D:7      | Reached skill level 4 in Polearms
  5573 | D:7      | Found a hazy altar of Hepliaklqana.
  5815 | D:7      | Found a glowing silver altar of Zin.
  5815 | D:7      | Found a white marble altar of Elyvilon.
  5815 | D:7      | Found a glowing golden altar of the Shining One.
  5875 | D:7      | Found a staircase to the Ecumenical Temple.
  5933 | D:8      | Reached skill level 5 in Polearms
  5985 | D:8      | Reached skill level 6 in Polearms
  6005 | D:8      | Reached skill level 7 in Polearms
  6032 | D:8      | Found a hide-covered altar of Uskayaw.
  6078 | D:8      | Reached XP level 10. HP: 79/88 MP: 10/10
  6147 | D:8      | Noticed a two-headed ogre
  6166 | D:8      | Killed a two-headed ogre
  6182 | D:8      | Reached skill level 8 in Polearms
  6462 | D:8      | Reached **** piety under Wu Jian
  6576 | D:8      | Slain by a troll

Illustrated notes

Levels and vault maps discovered:
D:1:      amcnicky_arrival_single_pillar, layout_rooms
D:2:      minmay_chambers_of_twos, layout_rooms, st_stairs_4
D:3:      layout_rooms, marbit_many_paths, general_overflow_altar,
          minmay_goblin_outpost, uniq_jessica
D:4:      layout_cave_pools, doesnt_xom_only_xom,
          grunt_temple_overflow_growth_and_decay, corexii_shack,
          uniq_blork_the_orc, uniq_ijyb, uniq_grinder
D:5:      layout_loops_ring, nicolae_dithmenos_through_a_glass_darkly,
          portal_sewer_entry_a, serial_bayou, serial_bayou_lake_a,
          serial_bayou_ford_a, serial_bayou_pond_e, serial_bayou_pond_e,
          gammafunk_ghost_stat_death
D:6:      layout_basic, nicolae_ossuary_entry_false_entrances, uniq_sigmund
D:7:      layout_loops_cross, dreamdust_divine_triumvirate,
          nicolae_overflow_hidden_temple, minmay_temple_entry_from_below_a,
          hangedman_decor_opposing, nicolae_stop_n_shop_2, kennysheep_doodads,
          minmay_misc_feat_square, hangedman_glass_teeth
D:8:      layout_basic, mainiacjoe_overflow_six_doors_small, serial_glass,
          glass_columns_c, glass_columns_c, glass_columns_a, glass_columns_b,
          glass_columns_b, glass_columns_a, nzn_random_ring

Skill      XL: |  1  2  3  4  5  6  7  8  9 10 |
---------------+-------------------------------+-----
Fighting       | 1 2 3 4 6 |  6.0
Shapeshifting  | 3 4 5 6 7 |  7.0
Armour         | 1 2 3 4 |  4.0
Evocations     | 2 3 4 |  4.0
Polearms       | 2 7 8 |  8.9
Dodging        | |  1.3
Unarmed Combat | |  2.9

Action                     |  1- 3 |  4- 6 |  7- 9 | 10-12 || total
---------------------------+-------+-------+-------+-------++-------
  Melee: Unarmed           |    24 |     2 |       |       ||    26
         Tailslap          |    11 |    10 |    37 |     4 ||    62
         Punch             |     2 |     4 |     2 |       ||     8
         Dagger            |    63 |   110 |   266 |       ||   439
         Halberd           |       |       |   125 |    50 ||   175
 Invoke: Serpent's Lash    |       |       |       |     3 ||     3
Ability: Lunge             |       |     4 |    15 |     3 ||    22
         Whirlwind         |       |       |     2 |     8 ||    10
  Evoke: Wand              |       |     1 |     1 |     2 ||     4
    Use: Potion            |     1 |     1 |       |       ||     2
         Scroll            |       |     5 |     4 |       ||     9
   Stab: Sleeping          |     1 |       |       |     1 ||     2
 Armour: Animal skin       |    37 |       |       |       ||    37
         Skin              |     8 |     1 |       |       ||     9
         Chain mail        |       |    82 |    28 |       ||   110
         Leather armour    |       |     2 |   249 |    54 ||   305
  Dodge: Dodged            |    31 |    39 |   179 |    28 ||   277

Table legend: (Time is in decaauts)
 A = Elapsed time spent in this place.
 B = Non-inter-level travel time spent in this place.
 C = Inter-level travel time spent in this place.
 D = Time resting spent in this place.
 E = Time spent auto-exploring this place.
 F = Levels seen in this place.
 G = Mean time per level.
                   A        B        C        D        E       F      G
               +--------+--------+--------+--------+--------+-----+--------+
         Total |   6614 |   6269 |    345 |   1050 |   3577 |   9 |  734.9 |
       Dungeon |   6291 |   5946 |    345 |    968 |   3514 |   8 |  786.4 |
         Sewer |    322 |    322 |      0 |     82 |     63 |   1 |  322.0 |
               +--------+--------+--------+--------+--------+-----+--------+

Top non-repeatable levels by time:
     D:5: 1316 daAuts
     D:6: 901 daAuts
     D:4: 895 daAuts
     D:7: 864 daAuts
     D:8: 664 daAuts
     D:3: 562 daAuts
     D:1: 549 daAuts
     D:2: 537 daAuts
   Sewer: 322 daAuts
